cohdb
Replays
Latest Replays
All Replays
Popular Replays
Top Player Replays
Match Explorer
How It Works
Community
CoH3 Stats
Reddit
Sign in to upload your games and track your stats! →
Sign in with Steam
Match 45507988
Unlisted
Match 45507988
Overview
Messages
Build Orders
End
Royal Engineer Section
Royal Engineer Section
Construct Section Command Post
Dingo Light Scout Car
Infantry Section
Infantry Section
Construct Platoon Command Post
Grenade Package
Infantry Training
Selects Air and Sea Battlegroup
Unlock M3 Stuart Light Tanks
Selects Commando Section Paradrop
Construct Field Infirmary
Commando Section Paradrop
M3 Stuart Light Tank
Commando Section Paradrop
Selects Supply Surplus
Selects UNKNOWN (223837)
Construct Resource Cache
Infantry Section
Construct Resource Cache
Construct Resource Cache
Construct Resource Cache
Construct Company Command Post
Crusader II Medium Tank
Crusader II Medium Tank
Steyrc
Boobnik
Kanade
(CB7) (DU)(7-4-7)(B0iz)
0
0
Comments
sign in to comment!
No comments posted yet!